 Dungeon Crawl Stone Soup version 0.31-a0-818-ge7c7cf74f0 (webtiles) character file.

Game seed: 4823634078368603367

18 Danienth the Stinger (level 2, 0/22 HPs)
             Began as a Djinni Fire Elementalist on Sept 22, 2023.
             Killed from afar by an oklob plant (17 damage)
             ... with a splash of acid
             ... created by the enmity of Fedhas Madash
             ... on level 1 of the Dungeon.
             The game lasted 00:05:20 (464 turns).

Danienth the Stinger (Djinni Fire Elementalist)      Turns: 464, Time: 00:05:21

Health: 0/22       AC:  2    Str:  7    XL:     2   Next: 85%
Gold:   6          EV: 12    Int: 16    God:
                   SH:  0    Dex: 13

rFire   + + +        f - staff of fire
rCold   x . .        (no shield)
rNeg    . . .        a - +0 robe
rPois   ∞            (no helmet)
rElec   .            (no cloak)
rCorr   .            (no gloves)
SInv    .            (boots unavailable)
Will    .....        (no amulet)
Stlth   ++           e - ring of magical power
HPRegen 0.23/turn    (no ring)
MPRegen 0.00/turn

%: infuse magic (-1 HP)
@: about to teleport, flying
A: sickness immunity, fire resistance 2, cold vulnerability 1, float, innate
caster, HP casting, extra vitality 1
a: no special abilities


You were on level 1 of the Dungeon.
You visited 1 branch of the dungeon, and saw 1 of its levels.

You collected 6 gold pieces.

Inventory:

Armour
 a - a +0 robe (worn)
Magical Staves
 f - a staff of fire (weapon)
Jewellery
 e - a ring of magical power (left hand)
Scrolls
 c - 2 scrolls of identify
Potions
 b - a potion of curing {unknown}
 g - 2 potions of enlightenment


   Skills:
 * Level 1.2 Fighting
 - Level 2.5 Dodging
 - Level 1.9 Stealth
 - Level 3.0 Spellcasting
 - Level 3.0 Conjurations
 - Level 3.0 Hexes
 - Level 3.0 Summonings
 - Level 3.0 Necromancy
 - Level 3.0 Translocations
 - Level 3.0 Transmutations
 - Level 3.0 Fire Magic
 - Level 3.0 Ice Magic
 - Level 3.0 Air Magic
 - Level 3.0 Earth Magic
 - Level 3.0 Poison Magic


You knew the following spells:

 Your Spells              Type           Power      Damage    Failure   Level
a - Foxfire               Conj/Fire      72%        2x1d7     5%          1
b - Scorch                Fire           36%        2d6       9%          2
c - Volatile Blastmotes   Fire/Tloc      36%        2d13      16%         3
d - Inner Flame           Hex/Fire       18%        N/A       16%         3
e - Flame Wave            Conj/Fire      18%        2d7       47%         4
Your spell library was empty.

Dungeon Overview and Level Annotations

Branches:
Dungeon (1/15)

Altars:
Fedhas

Annotations:
D:1 exclusion: 4 oklob plants


Innate Abilities, Weirdness & Mutations

You are immune to sickness and miasma.
You are immune to poison.
Your flesh is very heat resistant. (rF++)
You are vulnerable to cold. (rC-)
You float through the air rather than walking.
You learn spells naturally, not from books.
Your magical power is your life essence.
You have superior vitality. (+4 MHP)


Message History

Confirm with . or Enter, or press ? or * to list all spells.
You feel a surge of power!
You conjure some foxfire!
The foxfire hits the hobgoblin.
The hobgoblin is heavily wounded.
The hobgoblin shouts!
The foxfire hits the hobgoblin.
You kill the hobgoblin!
You hear a shout!
A hobgoblin comes into view.
Casting: Foxfire (safe; 5% risk of failure)
Confirm with . or Enter, or press ? or * to list all spells.
You feel a surge of power!
You miscast Foxfire.
You are very lightly contaminated with residual magic.
Nothing appears to happen.
Casting: Foxfire (safe; 5% risk of failure)
Confirm with . or Enter, or press ? or * to list all spells.
You feel a surge of power!
You conjure some foxfire!
The foxfire hits the hobgoblin but does no damage.
The foxfire hits the hobgoblin.
The hobgoblin is moderately wounded.
The hobgoblin barely misses you.
Casting: Foxfire (safe; 5% risk of failure)
Confirm with . or Enter, or press ? or * to list all spells.
You feel a surge of power!
You conjure some foxfire!
The hobgoblin hits you.
The foxfire hits the hobgoblin.
You kill the hobgoblin!
Your foxfire dissipates!
Your magical contamination has completely faded away.
Plants grow around you in an ominous manner.
Marking area around 4 oklob plants as unsafe for travelling. 4 oklob plants come into view.
As you read the scroll labelled ZIOHOL NIWKAE, it crumbles to dust.
You feel strangely unstable.
It was a scroll of teleportation.
As you read the scroll labelled KUTUUBL XAGUX, it crumbles to dust.
It is a scroll of identify.
g - 2 potions of enlightenment The oklob plant spits acid at you.
The splash of acid hits you!
Ouch! That really hurt!
You die...

........ .
..####.... #.. ..#
.... #.. ..####....
.. .......... ..##
#......... ..#
##.....#.# #####P##
#......# #...#..#
.......#.. #P@f#
...........#.†f#..#
#......#...#####P##
###....##......P.#
#.#....# #.......#
..#....# #.......#
..###### #.......#
#..## #.......#
##..#### #####.###


You could see 4 oklob plants and 2 wandering mushrooms.

Vanquished Creatures
  3 endoplasms (D:1)
  2 goblins (D:1)
  3 hobgoblins (D:1)
  A kobold (D:1)
  4 ball pythons (D:1)
  A bat (D:1)
  A frilled lizard (D:1)
  A rat (D:1)
16 creatures vanquished.

Vanquished Creatures (others)
  34 foxfires (D:1)
34 creatures vanquished.

Grand Total: 50 creatures vanquished

Notes
Turn   | Place    | Note
-------+----------+-------------------------------------------
     0 | D:1      | Danienth the Djinni Fire Elementalist began the quest for
                  | the Orb.
     0 | D:1      | Danienth set off with the following spells memorised:
                  | Foxfire, Scorch, Volatile Blastmotes, Inner Flame, Flame
                  | Wave.
     0 | D:1      | Reached XP level 1. HP: 15/15 MP: 0/0
   235 | D:1      | Reached XP level 2. HP: 20/22 MP: 0/0
   279 | D:1      | Found a faded altar of an unknown god.
   295 | D:1      | Prayed at the altar of an unknown god.
   295 | D:1      | Became a worshipper of Fedhas Madash
   295 | D:1      | Reached * piety under Fedhas
   296 | D:1      | Fell from the grace of Fedhas
   435 | D:1      | Reached skill level 1 in Fighting
   463 | D:1      | Noticed a wandering mushroom
   463 | D:1      | Noticed an oklob plant
   463 | D:1      | Noticed an oklob plant
   463 | D:1      | Noticed a wandering mushroom
   463 | D:1      | Noticed an oklob plant
   463 | D:1      | Noticed an oklob plant
   464 | D:1      | Killed from afar by an oklob plant

Illustrated notes

Levels and vault maps discovered:
D:1:      scummos_arrival_hexagon, layout_basic,
          nicolae_ecumenical_snake_handling, minmay_distorted

Skill      XL: |  1  2 |
---------------+-------+-----
Spellcasting   | |  3.0
Conjurations   | |  3.0
Hexes          | |  3.0
Summonings     | |  3.0
Necromancy     | |  3.0
Translocations | |  3.0
Transmutations | |  3.0
Fire Magic     | |  3.0
Ice Magic      | |  3.0
Air Magic      | |  3.0
Earth Magic    | |  3.0
Poison Magic   | |  3.0
Fighting       | 1 |  1.2
Dodging        | |  2.5
Stealth        | |  1.9

Action                     || total
---------------------------++-------
  Melee: Unarmed           ||     1
         Staff             ||     4
   Cast: Foxfire           ||    24
         Scorch            ||     1
 Invoke: Renounce Religion ||     1
    Use: Scroll            ||     2
 Armour: Robe              ||     9
  Dodge: Dodged            ||     6

Table legend: (Time is in decaauts)
 A = Elapsed time spent in this place.
 B = Non-inter-level travel time spent in this place.
 C = Inter-level travel time spent in this place.
 D = Time resting spent in this place.
 E = Time spent auto-exploring this place.
 F = Levels seen in this place.
 G = Mean time per level.
                   A        B        C        D        E       F      G
               +--------+--------+--------+--------+--------+-----+--------+
         Total |    463 |    457 |      6 |     79 |    265 |   1 |  463.0 |
       Dungeon |    463 |    457 |      6 |     79 |    265 |   1 |  463.0 |
               +--------+--------+--------+--------+--------+-----+--------+

Top non-repeatable levels by time:
     D:1: 463 daAuts
